 Dungeon Crawl Stone Soup version 0.30.0-20-g3615ddf2f0 (webtiles) character file.

Game seed: 13559471073165098293

81252 qw the Severer (level 15, -2/96 HPs)
             Began as a Gargoyle Fighter on June 1, 2023.
             Was a High Priest of Okawaru.
             Slain by a large slime creature (18 damage)
             ... on level 15 of the Dungeon.
             The game lasted 00:12:05 (22931 turns).

qw the Severer (Gargoyle Fighter)                  Turns: 22931, Time: 00:12:06

Health: -2/96      AC: 45    Str: 26    XL:     15   Next: 69%
Magic:  22/22      EV: 15    Int:  8    God:    Okawaru [*****.]
Gold:   687        SH: 16    Dex:  9    Spells: 14/14 levels left

rFire   + + +        m - +1 broad axe (protect)
rCold   . . .        C - +3 kite shield of Grace {rElec rF+ rCorr}
rNeg    + + +        z - +3 plate armour
rPois   inf          r - +2 helmet of Freezing Contentment {*Corrode rF++ rN+++ Will-}
rElec   +            (no cloak)
rCorr   +            i - +2 pair of gloves
SInv    +            (no boots)
Will    +++..        c - amulet of the acrobat Stlth
                     n - +5 ring of evasion
HPRegen 0.36/turn    f - ring "Ecrixzi" {rPois Will+++ Int-2 SInv}
MPRegen 0.18/turn

%: corrode self (3%), acrobat
@: about to teleport, heroic, under a protective aura, flying
A: sickness immunity, AC +11, big wings, negative energy resistance 1,
electricity resistance, torment resistance 1, petrification resistance
a: Renounce Religion, Heroism, Finesse, Duel


You were on level 15 of the Dungeon.
You worshipped Okawaru.
Okawaru was extremely pleased with you.
You visited 3 branches of the dungeon, and saw 21 of its levels.

You collected 1798 gold pieces.
You spent 1111 gold pieces at shops.


Innate Abilities, Weirdness & Mutations

You are immune to sickness and miasma.
Your stone body is resilient. (AC +11)
You are immune to poison.
Your large and strong wings let you fly.
You resist negative energy. (rN+)
You are resistant to electric shocks. (rElec)
You are resistant to unholy torment.
You are immune to petrification.


   Skills:
 - Level 12.0(17.0) Fighting
 + Level 16.0(21.0) Axes
 - Level 6.0(11.0) Throwing
 - Level 11.0(16.0) Armour
 - Level 3.0(8.0) Dodging
 - Level 13.0(18.0) Shields
 - Level 10.0 Invocations


You had 14 spell levels left.
You didn't know any spells.
Your spell library was empty.

Inventory:

Hand Weapons
 a - a +0 demon whip
 m - a +1 broad axe of protection (weapon)
Missiles
 b - 6 boomerangs (quivered)
Armour
 i - a +2 pair of gloves (worn)
 r - the +2 helmet of Freezing Contentment (worn) {*Corrode rF++ rN+++ Will-}
   (You found it on level 9 of the Dungeon)

   rF:        It greatly protects you from fire.
   rN:        It renders you almost immune to negative energy.
   *Corrode:  It may corrode you when you take damage.
   Will:      It decreases your willpower.
 u - a +2 hat of willpower
 z - a +3 plate armour (worn)
 A - +0 acid dragon scales
 C - the +3 kite shield of Grace (worn) {rElec rF+ rCorr}
   (You found it on level 5 of the Lair of Beasts)

   rF:        It protects you from fire.
   rElec:     It insulates you from electricity.
   rCorr:     It protects you from acid and corrosion.
Jewellery
 c - an amulet of the acrobat (around neck)
 f - the ring "Ecrixzi" (right hand) {rPois Will+++ Int-2 SInv}
   (You found it on level 6 of the Dungeon)

   [ring of poison resistance]

   Int:       It affects your intelligence (-2).
   rPois:     It protects you from poison.
   SInv:      It lets you see invisible.
   Will:      It greatly increases your willpower.
 n - a +5 ring of evasion (left hand)
 t - a ring of fire
 y - a ring of fire
 Y - a +6 ring of strength
Scrolls
 h - 7 scrolls of teleportation
 k - 4 scrolls of identify
Potions
 d - 5 potions of might
 e - 5 potions of mutation
 g - 6 potions of attraction
 j - 7 potions of haste
 l - 8 potions of curing
 p - a potion of lignification
 s - 3 potions of resistance
 v - a potion of cancellation

Dungeon Overview and Level Annotations

Branches:
Dungeon (15/15)            Temple (1/1) D:5            Lair (5/5) D:8
  Swamp (0/4) Lair:3       Spider (0/4) Lair:3        Slime (0/5) Lair:5
    Orc (0/2) D:12         Vaults (0/5) D:14
 Depths: D:15

Altars:
Ashenzari
Cheibriados
Dithmenos
Elyvilon
Fedhas
Gozag
Hepliaklqana
Kikubaaqudgha
Makhleb
Nemelex Xobeh
Okawaru
Qazlal
Ru
Sif Muna
Trog
Uskayaw
Vehumet
Wu Jian
Xom
Yredelemnul
Zin
The Shining One

Shops:
D:1 *(*[!   D:4 !   D:7 [   D:10 :   D:11 (   D:13 !

Annotations:
D:3 3 runed translucent doors, qw's ghost, amateur GrFi
D:4 2 transporters, qw's ghost, amateur GrFi
D:5 1 runed translucent door, qw's ghost, novice GrFi
D:6 2 runed translucent doors, qw's ghost, amateur GrFi


Message History

The large slime creature is heavily wounded.
You completely miss the slime creature.
A slime creature comes into view.
The large slime creature hits you!!
The slime creature completely misses you.
You barely miss the large slime creature.
The large slime creature is heavily wounded.
You slash the slime creature!
You block the large slime creature's attack.
You hit the slime creature but do no damage.
The slime creature is severely wounded.
You hit the large slime creature. You block the slime creature's attack.
You slash the slime creature!
The slime creature is severely wounded.
You slice the large slime creature!!
Two slime creatures merge to form a very large slime creature.
You block the slime creature's attack.
You carve the slime creature like a ham!!!
You kill the slime creature!
Okawaru accepts your kill.
You slash the very large slime creature!
Two slime creatures merge to form an enormous slime creature.
22928 ||| READING 8 scrolls of teleportation.
As you read the scroll of teleportation, it crumbles to dust.
You feel strangely unstable.
An enormous slime creature splits.
You open the large slime creature like a pillowcase!!!
The large slime creature is severely wounded.
You hit the large slime creature. The large slime creature hits you!
You slice the large slime creature!!
The large slime creature is almost dead.
You slice the large slime creature!!
The large slime creature barely misses you.
You completely miss the large slime creature.
The large slime creature is almost dead.
You slash the large slime creature! The large slime creature hits you!!
You die...

###
###############.....
#....@J............#
#.####J#.#####...#.#
#.#./..<......#
#.#######.....# #.#
.#..# .#. .. # .. #.
.. :.J #. .# J... ##
#


You could see 2 large slime creatures.

Vanquished Creatures
  Gastronok (Lair:2)
  2 fire giants (D:11)
  Snorg (D:11)
  Fannar (D:10)
  A fire dragon (Lair:5)
  5 hydras
  A yaktaur captain (D:14)
  A catoblepas (Lair:5)
  2 boulder beetles
  An anaconda (Lair:5)
  4 two-headed ogres
  2 centaur warriors (D:14)
  2 death yaks
  A swamp dragon (Lair:5)
  A lindwurm (Lair:4)
  A wolf spider (Lair:5)
  A deep elf pyromancer (D:11)
  5 manticores
  5 cyclopes
  9 ugly things
  12 black mambas
  17 elephants
  A guardian serpent (Lair:5)
  A cane toad (shapeshifter) (D:11)
  2 torpor snails
  16 cane toads
  Maggie (D:10)
  Psyche (D:8)
  2 unseen horrors (D:12)
  6 komodo dragons
  9 rime drakes
  3 yaktaurs
  A freezing wraith (D:13)
  A queen bee (D:10)
  5 trolls
  5 hornets
  3 polar bears
  Grinder (D:6)
  21 blink frogs
  15 dream sheep
  16 slime creatures
  A water elemental (D:13)
  4 shadows (D:11)
  A wyvern (shapeshifter) (D:13)
  Eustachio (D:6)
  2 spriggans (Lair:3)
  A human (shapeshifter) (D:14)
  2 wraiths (D:11)
  21 wyverns
  42 yaks
  Grum (D:10)
  9 basilisks
  A steam dragon (Lair:5)
  3 redbacks (Lair:5)
  A vampire mosquito (D:11)
  Menkaure (D:6)
  Edmund (D:6)
  7 acid dragons
  A hell hound (Lair:5)
  20 water moccasins
  An orc warrior (D:12)
  7 black bears
  An ice beast (D:5)
  12 wolves
  2 ogres (D:5)
  A phantom (D:6)
  8 centaurs
  4 kobold brigands
  5 gnoll sergeants
  7 scorpions
  15 bullfrogs
  7 wights
  24 killer bees
  4 electric eels (D:13)
  3 howler monkeys (D:12)
  3 hounds (Lair:2)
  A gnoll bouda (D:8)
  3 orc priests
  A jelly (D:6)
  6 iguanas
  A sleepcap (D:7)
  7 orc wizards
  12 hell rats
  10 adders
  24 gnolls
  3 white imps
  2 ufetubi
  6 worms
  A dart slug (D:4)
  26 orcs
  8 bats
  9 endoplasms
  9 giant cockroaches
  5 goblins
  6 hobgoblins
  6 jackals
  4 quokkas
  5 ball pythons
  4 frilled lizards
  17 kobolds
  4 rats
590 creatures vanquished.

Vanquished Creatures (others)
  A basilisk (Lair:5)
1 creature vanquished.

Grand Total: 591 creatures vanquished

Notes
Turn   | Place    | Note
-------+----------+-------------------------------------------
     0 | D:1      | qw the Gargoyle Fighter began the quest for the Orb.
     0 | D:1      | Reached XP level 1. HP: 14/14 MP: 1/1
     0 | D:1      | 0 ||| qw: Version: 0.2-a-102-gdf20003
     0 | D:1      | 0 ||| qw: Game counter: 689
     0 | D:1      | 0 ||| qw: Always use a shield: true
     0 | D:1      | 0 ||| qw: God list: Okawaru
     0 | D:1      | 0 ||| qw: Allow faded altars: false
     0 | D:1      | 0 ||| qw: Do Orc after D:15 true
     0 | D:1      | 0 ||| qw: Do second Lair branch before Depths: true
     0 | D:1      | 0 ||| qw: Lair rune preference: random
     0 | D:1      | 0 ||| qw: Plans: Normal, Zot:1-4, Slime:5, God:TSO, Crypt,
                  | Tomb, Pan, Hells, Abyss, Win
     0 | D:1      | 0 ||| PLANNING D:1-11
    17 | D:1      | Found Roofedgh's Distillery.
    26 | D:1      | 26 ||| SHOPLISTING 2 potions of haste (240 gold, have 9).
    26 | D:1      | 26 ||| SHOPLISTING potion of cancellation (96 gold, have
                  | 9).
    26 | D:1      | 26 ||| SHOPLISTING potion of haste (120 gold, have 9).
    26 | D:1      | 26 ||| SHOPLISTING potion of lignification (36 gold, have
                  | 9).
    26 | D:1      | 26 ||| SHOPLISTING potion of might (48 gold, have 9).
    40 | D:1      | Reached skill level 2 in Axes
   134 | D:1      | Reached XP level 2. HP: 19/19 MP: 2/2
   146 | D:1      | Found Fucril's General Store.
   156 | D:1      | Found Vihotu's Antique Weapon Shop.
   157 | D:1      | 157 ||| SHOPLISTING +0 helmet of see invisible (161 gold,
                  | have 37).
   157 | D:1      | 157 ||| SHOPLISTING potion of curing (42 gold, have 37).
   157 | D:1      | 157 ||| SHOPLISTING potion of heal wounds (70 gold, have
                  | 37).
   179 | D:1      | 179 ||| SWAPPING to +1 war axe of electrocution.
   180 | D:1      | 180 ||| DROPPING +0 war axe.
   183 | D:1      | 183 ||| BUYING club (31 gold).
   183 | D:1      | Bought a club for 31 gold pieces
   183 | D:1      | 183 ||| SHOPLISTING mace (93 gold, have 6).
   183 | D:1      | 183 ||| SHOPLISTING runed war axe (201 gold, have 6).
   183 | D:1      | 183 ||| SHOPLISTING translucent whip (232 gold, have 6).
   185 | D:1      | Found Ross's General Store.
   198 | D:1      | 198 ||| SHOPLISTING +0 mace (39 gold, have 6).
   198 | D:1      | 198 ||| SHOPLISTING +0 pair of gloves (58 gold, have 6).
   198 | D:1      | 198 ||| SHOPLISTING potion of heal wounds (65 gold, have
                  | 6).
   521 | D:1      | Reached skill level 3 in Axes
   536 | D:1      | Reached XP level 3. HP: 18/23 MP: 3/3
   667 | D:1      | Found Vumefy's Antique Armour Boutique.
   671 | D:1      | 671 ||| SHOPLISTING helmet (126 gold, have 54).
   671 | D:1      | 671 ||| SHOPLISTING shiny ring mail (196 gold, have 54).
   671 | D:1      | 671 ||| SHOPLISTING shiny scale mail (196 gold, have 54).
   714 | D:1      | 714 ||| UPGRADING to +0 chain mail.
   724 | D:1      | 724 ||| DROPPING +0 scale mail.
   743 | D:1      | 743 ||| DROPPING +6 ring of intelligence.
   744 | D:1      | 744 ||| READING scroll labelled XYITER DYURYT.
   851 | D:2      | 851 ||| Stepping ~*~*~tactically~*~*~ (hiding).
   853 | D:2      | 853 ||| Stepping ~*~*~tactically~*~*~ (hiding).
   854 | D:2      | 854 ||| Stepping ~*~*~tactically~*~*~ (stealth).
   856 | D:2      | 856 ||| Stepping ~*~*~tactically~*~*~ (hiding).
   858 | D:2      | Reached XP level 4. HP: 28/28 MP: 4/4
   861 | D:2      | Reached skill level 4 in Axes
   950 | D:2      | 950 ||| DROPPING +0 club.
  1350 | D:2      | Found a faded altar of an unknown god.
  1712 | D:2      | 1712 ||| READING 2 scrolls labelled XIFRUC QAACSAE.
  1713 | D:2      | 1713 ||| READING scroll labelled SYRRIF ROALOA.
  1714 | D:2      | 1714 ||| DRINKING 2 orange potions.
  1715 | D:2      | 1715 ||| DROPPING scroll of fog.
  1894 | D:3      | Reached XP level 5. HP: 32/32 MP: 5/5
  1897 | D:3      | 1897 ||| Stepping ~*~*~tactically~*~*~ (stealth).
  1928 | D:3      | 1928 ||| Stepping ~*~*~tactically~*~*~ (hiding).
  1929 | D:3      | 1929 ||| Stepping ~*~*~tactically~*~*~ (hiding).
  2087 | D:3      | Found a blossoming altar of Fedhas.
  2191 | D:3      | Found a runed translucent gate.
  2203 | D:3      | Found a hazy altar of Hepliaklqana.
  2206 | D:3      | Found a shadowy altar of Dithmenos.
  2222 | D:3      | Noticed qw's ghost (amateur GrFi)
  2225 | D:3      | Found a runed translucent gate.
  2225 | D:3      | Noticed a kobold brigand
  2226 | D:3      | Found a runed translucent gate.
  2469 | D:3      | Found a sacrificial altar of Ru.
  2587 | D:3      | Reached skill level 5 in Axes
  2635 | D:3      | 2635 ||| READING scroll labelled LUVEOK DEICW.
  2636 | D:3      | 2636 ||| READING scroll labelled BALETU NYRACRO.
  2637 | D:3      | 2637 ||| DRINKING 2 amethyst potions.
  2679 | D:4      | Found a transporter.
  2682 | D:4      | Noticed qw's ghost (amateur GrFi)
  2684 | D:4      | Identified the +3 giant club "Ypreblon" {heavy, Dex+3}
  2684 | D:4      | Noticed an ogre
  2685 | D:4      | Noticed an ogre
  2688 | D:4      | Found a transporter.
  2797 | D:4      | 2797 ||| FLEEEEING.
  2798 | D:4      | 2798 ||| FLEEEEING.
  2799 | D:4      | 2799 ||| FLEEEEING.
  2800 | D:4      | 2800 ||| FLEEEEING.
  2801 | D:4      | 2801 ||| FLEEEEING.
  2802 | D:4      | 2802 ||| FLEEEEING.
  2803 | D:4      | 2803 ||| FLEEEEING.
  2804 | D:4      | 2804 ||| FLEEEEING.
  2805 | D:4      | 2805 ||| FLEEEEING.
  2817 | D:4      | 2817 ||| Stepping ~*~*~tactically~*~*~ (hiding).
  2936 | D:4      | 2936 ||| FLEEEEING.
  2937 | D:4      | 2937 ||| FLEEEEING.
  2938 | D:4      | 2938 ||| FLEEEEING.
  2939 | D:4      | 2939 ||| FLEEEEING.
  2941 | D:4      | 2941 ||| FLEEEEING.
  2953 | D:4      | 2953 ||| Stepping ~*~*~tactically~*~*~ (hiding).
  3070 | D:4      | 3070 ||| FLEEEEING.
  3071 | D:4      | 3071 ||| FLEEEEING.
  3072 | D:4      | 3072 ||| FLEEEEING.
  3073 | D:4      | 3073 ||| FLEEEEING.
  3074 | D:4      | 3074 ||| FLEEEEING.
  3119 | D:4      | 3119 ||| STAIRDANCE
  3179 | D:4      | Found Bunudeun's Distillery.
  3208 | D:4      | 3208 ||| BUYING potion of attraction (42 gold).
  3208 | D:4      | Bought a potion of attraction for 42 gold pieces
  3208 | D:4      | 3208 ||| BUYING potion of attraction (42 gold).
  3208 | D:4      | Bought a potion of attraction for 42 gold pieces
  3208 | D:4      | 3208 ||| BUYING potion of curing (42 gold).
  3208 | D:4      | Bought a potion of curing for 42 gold pieces
  3208 | D:4      | 3208 ||| SHOPLISTING potion of might (56 gold, have 38).
  3208 | D:4      | 3208 ||| SHOPLISTING potion of resistance (140 gold, have
                  | 38).
  3222 | D:4      | Reached XP level 6. HP: 30/38 MP: 6/6
  3393 | D:4      | 3393 ||| READING scroll labelled BIMEYM JILLEVIX.
  3394 | D:4      | 3394 ||| READING 2 scrolls of identify.
  3394 | D:4      | 3394 ||| IDENTIFYING coppery potion
  3406 | D:4      | 3406 ||| STAIRDANCE
  3407 | D:3      | Found an opulent altar of Gozag.
  3494 | D:4      | 3494 ||| Stepping ~*~*~tactically~*~*~ (hiding).
  3648 | D:5      | Entered Level 5 of the Dungeon
  3669 | D:5      | Reached skill level 6 in Axes
  3712 | D:5      | Found a staircase to the Ecumenical Temple.
  3713 | D:5      | 3713 ||| PLANNING TEMPLE
  3713 | D:5      | 3713 ||| UPGRADING to +0 pair of gloves.
  3718 | D:5      | 3718 ||| UPGRADING to ring of willpower.
  3727 | Temple   | Entered the Ecumenical Temple
  3735 | Temple   | 3735 ||| PLANNING OKAWARU WORSHIP
  3872 | Temple   | Became a worshipper of Warmaster Okawaru
  3872 | Temple   | 3872 ||| PLANNING D:1-11
  3918 | D:5      | Identified the +0 robe "Facvavusi" {Harm rF+ Dex+2}
  3960 | D:5      | Noticed an ice beast
  3968 | D:5      | Killed an ice beast
  3969 | D:5      | Reached skill level 1 in Dodging
  3969 | D:5      | Reached XP level 7. HP: 27/43 MP: 7/7
  4043 | D:5      | 4043 ||| READING scroll of enchant armour.
  4043 | D:5      | 4043 ||| ENCHANTING +0 pair of gloves.
  4352 | D:5      | Found a shimmering blue altar of Sif Muna.
  4430 | D:5      | Found a runed translucent door.
  4435 | D:5      | Noticed qw's ghost (novice GrFi)
  4454 | D:5      | 4454 ||| Stepping ~*~*~tactically~*~*~ (hiding).
  4459 | D:5      | Reached skill level 7 in Axes
  4465 | D:5      | Reached * piety under Okawaru
  4539 | D:5      | 4539 ||| Stepping ~*~*~tactically~*~*~ (hiding).
  4542 | D:5      | 4542 ||| Stepping ~*~*~tactically~*~*~ (hiding).
  4543 | D:5      | 4543 ||| Stepping ~*~*~tactically~*~*~ (hiding).
  4544 | D:5      | 4544 ||| Stepping ~*~*~tactically~*~*~ (hiding).
  4545 | D:5      | 4545 ||| Stepping ~*~*~tactically~*~*~ (hiding).
  4956 | D:5      | 4956 ||| DROPPING +4 ring mail.
  5379 | D:5      | 5379 ||| READING scroll labelled NEGGEUPEE.
  5466 | D:6      | 5466 ||| Stepping ~*~*~tactically~*~*~ (hiding).
  5467 | D:6      | 5467 ||| Stepping ~*~*~tactically~*~*~ (hiding).
  5502 | D:6      | 5502 ||| Stepping ~*~*~tactically~*~*~ (stealth).
  5503 | D:6      | Noticed Edmund
  5521 | D:6      | Reached skill level 1 in Throwing
  5521 | D:6      | Reached XP level 8. HP: 30/49 MP: 8/8
  5521 | D:6      | 5521 ||| INVOKING Heroism.
  5525 | D:6      | HP: 10/49 [Edmund/+5 heavy flail (14)]
  5526 | D:6      | 5526 ||| DRINKING 3 potions of heal wounds.
  5532 | D:6      | 5532 ||| INVOKING Heroism.
  5536 | D:6      | Killed Edmund
  5563 | D:6      | 5563 ||| DROPPING +0 flail.
  5601 | D:6      | Noticed Menkaure
  5608 | D:6      | Killed Menkaure
  5626 | D:6      | Noticed Grinder
  5627 | D:6      | 5627 ||| Stepping ~*~*~tactically~*~*~ (hiding).
  5628 | D:6      | 5628 ||| INVOKING Heroism.
  5637 | D:6      | Killed Grinder
  5638 | D:6      | Reached skill level 8 in Axes
  5688 | D:6      | 5688 ||| INVOKING Heroism.
  5817 | D:6      | Found a large runed translucent door.
  5818 | D:6      | Found a large runed translucent door.
  5820 | D:6      | Noticed qw's ghost (amateur GrFi)
  5824 | D:6      | 5824 ||| Stepping ~*~*~tactically~*~*~ (hiding).
  5934 | D:6      | 5934 ||| INVOKING Heroism.
  5968 | D:6      | Identified the ring "Ecrixzi" {rPois Will+++ Int-2 SInv}
  5993 | D:6      | Noticed Eustachio
  5994 | D:6      | 5994 ||| INVOKING Heroism.
  6004 | D:6      | 6004 ||| Stepping ~*~*~tactically~*~*~ (hiding).
  6008 | D:6      | 6008 ||| INVOKING Heroism.
  6013 | D:6      | Killed Eustachio
  6014 | D:6      | Reached skill level 6 in Fighting
  6047 | D:6      | Reached skill level 3 in Invocations
  6382 | D:6      | Found a basalt altar of Yredelemnul.
  6388 | D:6      | Reached XP level 9. HP: 55/55 MP: 11/11
  6436 | D:6      | 6436 ||| Stepping ~*~*~tactically~*~*~ (hiding).
  6679 | D:6      | 6679 ||| UPGRADING to ring "Ecrixzi" {rPois Will+++ Int-2
                  | SInv}.
  6680 | D:6      | 6680 ||| REMOVING ring of willpower.
  6681 | D:6      | 6681 ||| UPGRADING to ring of positive energy.
  6839 | D:7      | 6839 ||| INVOKING Heroism.
  6891 | D:7      | 6891 ||| DROPPING +5 heavy flail.
  6954 | D:7      | 6954 ||| Stepping ~*~*~tactically~*~*~ (stealth).
  6956 | D:7      | 6956 ||| Stepping ~*~*~tactically~*~*~ (stealth).
  6983 | D:7      | 6983 ||| Stepping ~*~*~tactically~*~*~ (hiding).
  7020 | D:7      | Reached skill level 9 in Axes
  7121 | D:7      | 7121 ||| INVOKING Heroism.
  7270 | D:7      | Found Kuohuohupu's Antique Armour Boutique.
  7273 | D:7      | 7273 ||| INVOKING Heroism.
  7297 | D:7      | Found a broken altar of Ashenzari.
  7598 | D:7      | 7598 ||| Stepping ~*~*~tactically~*~*~ (hiding).
  7600 | D:7      | 7600 ||| Stepping ~*~*~tactically~*~*~ (hiding).
  7601 | D:7      | 7601 ||| Stepping ~*~*~tactically~*~*~ (hiding).
  7602 | D:7      | 7602 ||| Stepping ~*~*~tactically~*~*~ (hiding).
  7603 | D:7      | 7603 ||| Stepping ~*~*~tactically~*~*~ (hiding).
  7623 | D:7      | 7623 ||| SHOPLISTING jewelled scale mail (297 gold, have
                  | 208).
  7623 | D:7      | 7623 ||| SHOPLISTING shiny storm dragon scales (2739 gold,
                  | have 208).
  7625 | D:7      | 7625 ||| UPGRADING to +3 chain mail.
  7635 | D:7      | 7635 ||| DROPPING +0 chain mail.
  7636 | D:7      | 7636 ||| UPGRADING to +0 kite shield.
  7646 | D:7      | 7646 ||| DROPPING +0 buckler.
  7647 | D:7      | 7647 ||| DROPPING amulet of magic regeneration.
  7648 | D:7      | 7648 ||| READING 2 scrolls labelled KEUGOACUNA.
  7649 | D:7      | 7649 ||| DROPPING scroll of amnesia.
  7718 | D:8      | Found a burning altar of Makhleb.
  7780 | D:8      | 7780 ||| Stepping ~*~*~tactically~*~*~ (hiding).
  7781 | D:8      | 7781 ||| Stepping ~*~*~tactically~*~*~ (hiding).
  7801 | D:8      | Found a shimmering altar of Xom.
  7841 | D:8      | 7841 ||| Stepping ~*~*~tactically~*~*~ (hiding).
  7842 | D:8      | 7842 ||| Stepping ~*~*~tactically~*~*~ (hiding).
  7843 | D:8      | 7843 ||| Stepping ~*~*~tactically~*~*~ (hiding).
  7844 | D:8      | 7844 ||| Stepping ~*~*~tactically~*~*~ (hiding).
  7847 | D:8      | 7847 ||| Stepping ~*~*~tactically~*~*~ (stealth).
  7850 | D:8      | 7850 ||| Stepping ~*~*~tactically~*~*~ (hiding).
  7851 | D:8      | 7851 ||| Stepping ~*~*~tactically~*~*~ (hiding).
  7856 | D:8      | Noticed a death yak
  7857 | D:8      | 7857 ||| INVOKING Heroism.
  7864 | D:8      | Reached skill level 6 in Shields
  7877 | D:8      | Killed a death yak
  7877 | D:8      | Reached ** piety under Okawaru
  7878 | D:8      | Reached XP level 10. HP: 47/63 MP: 13/13
  7903 | D:8      | 7903 ||| FLEEEEING.
  7905 | D:8      | 7905 ||| STAIRDANCE
  7986 | D:8      | Noticed Psyche
  7987 | D:8      | 7987 ||| INVOKING Heroism.
  7989 | D:8      | Killed Psyche
  7990 | D:8      | Reached skill level 9 in Shields
  8013 | D:8      | 8013 ||| Stepping ~*~*~tactically~*~*~ (hiding).
  8014 | D:8      | 8014 ||| Stepping ~*~*~tactically~*~*~ (hiding).
  8143 | D:8      | 8143 ||| INVOKING Heroism.
  8154 | D:8      | 8154 ||| Stepping ~*~*~tactically~*~*~ (hiding).
  8155 | D:8      | 8155 ||| Stepping ~*~*~tactically~*~*~ (hiding).
  8311 | D:8      | 8311 ||| INVOKING Heroism.
  8456 | D:8      | Found a staircase to the Lair.
  8479 | D:8      | 8479 ||| Stepping ~*~*~tactically~*~*~ (hiding).
  8483 | D:8      | 8483 ||| INVOKING Heroism.
  8572 | D:8      | 8572 ||| PLANNING LAIR
  8572 | D:8      | 8572 ||| READING scroll labelled LIYFOL IVUJI.
  8577 | D:8      | 8577 ||| READING 3 scrolls of identify.
  8577 | D:8      | 8577 ||| IDENTIFYING smoky silvery potion
  8578 | D:8      | 8578 ||| READING 2 scrolls of identify.
  8578 | D:8      | 8578 ||| IDENTIFYING purple potion
  8579 | D:8      | 8579 ||| DROPPING potion of brilliance.
  8606 | Lair:1   | Entered Level 1 of the Lair of Beasts
  8606 | Lair:1   | Noticed a cane toad
  8607 | Lair:1   | 8607 ||| INVOKING Heroism.
  8623 | Lair:1   | Killed a cane toad
  8650 | Lair:1   | Noticed a cane toad
  8651 | Lair:1   | 8651 ||| INVOKING Heroism.
  8652 | Lair:1   | 8652 ||| Stepping ~*~*~tactically~*~*~ (hiding).
  8658 | Lair:1   | Killed a cane toad
  8659 | Lair:1   | Reached skill level 10 in Axes
  8668 | Lair:1   | 8668 ||| STAIRDANCE
  8670 | D:8      | 8670 ||| INVOKING Heroism.
  8795 | Lair:1   | Noticed a cane toad
  8796 | Lair:1   | 8796 ||| INVOKING Heroism.
  8799 | Lair:1   | Killed a cane toad
  8809 | Lair:1   | Noticed a cane toad
  8810 | Lair:1   | 8810 ||| Stepping ~*~*~tactically~*~*~ (stealth).
  8813 | Lair:1   | 8813 ||| INVOKING Heroism.
  8820 | Lair:1   | Killed a cane toad
  8821 | Lair:1   | Reached XP level 11. HP: 61/68 MP: 11/14
  8852 | Lair:1   | Identified the +2 flail of Gepluon {elec, rElec Int-2
                  | Dex+5}
  8878 | Lair:1   | 8878 ||| INVOKING Heroism.
  9054 | Lair:1   | 9054 ||| INVOKING Heroism.
  9055 | Lair:1   | 9055 ||| Stepping ~*~*~tactically~*~*~ (stealth).
  9059 | Lair:1   | Reached skill level 11 in Axes
  9102 | Lair:1   | 9102 ||| INVOKING Heroism.
  9408 | Lair:1   | Reached *** piety under Okawaru
  9620 | Lair:1   | 9620 ||| UPGRADING to amulet of the acrobat.
  9631 | Lair:2   | 9631 ||| INVOKING Heroism.
  9722 | Lair:2   | 9722 ||| SWAPPING to +0 broad axe.
  9723 | Lair:2   | 9723 ||| DROPPING +2 war axe of electrocution.
  9730 | Lair:2   | 9730 ||| Stepping ~*~*~tactically~*~*~ (stealth).
  9731 | Lair:2   | 9731 ||| INVOKING Heroism.
  9871 | Lair:2   | Noticed Gastronok
  9872 | Lair:2   | 9872 ||| INVOKING Heroism.
  9879 | Lair:2   | Reached skill level 9 in Fighting
  9896 | Lair:2   | 9896 ||| INVOKING Heroism.
  9897 | Lair:2   | Killed Gastronok
  9898 | Lair:2   | Reached skill level 6 in Armour
  9948 | Lair:2   | 9948 ||| Stepping ~*~*~tactically~*~*~ (stealth).
  9950 | Lair:2   | 9950 ||| Stepping ~*~*~tactically~*~*~ (stealth).
  9953 | Lair:2   | 9953 ||| INVOKING Heroism.
  9968 | Lair:2   | 9968 ||| INVOKING Heroism.
  9985 | Lair:2   | Reached **** piety under Okawaru
  9999 | Lair:2   | Reached XP level 12. HP: 40/76 MP: 15/15
 10003 | Lair:2   | 10003 ||| INVOKING Heroism.
 10226 | Lair:2   | Noticed a five-headed hydra
 10227 | Lair:2   | 10227 ||| INVOKING Heroism.
 10232 | Lair:2   | 10232 ||| SWAPPING to +3 morningstar.
 10240 | Lair:2   | Killed a five-headed hydra
 10241 | Lair:2   | Reached skill level 12 in Axes
 10241 | Lair:2   | 10241 ||| SWAPPING to +0 broad axe.
 10284 | Lair:2   | 10284 ||| INVOKING Heroism.
 10429 | Lair:2   | 10429 ||| INVOKING Heroism.
 10436 | Lair:2   | Reached skill level 6 in Invocations
 10590 | Lair:2   | 10590 ||| INVOKING Heroism.
 10592 | Lair:2   | Noticed a death yak
 10614 | Lair:2   | Killed a death yak
 10718 | Lair:2   | Noticed a four-headed hydra
 10720 | Lair:2   | 10720 ||| INVOKING Heroism.
 10722 | Lair:2   | 10722 ||| SWAPPING to +3 morningstar.
 10727 | Lair:2   | Killed a four-headed hydra
 10728 | Lair:2   | 10728 ||| SWAPPING to +0 broad axe.
 10929 | Lair:2   | Reached ***** piety under Okawaru
 11097 | Lair:2   | 11097 ||| UPGRADING to +2 hat of willpower.
 11102 | Lair:2   | 11102 ||| READING scroll labelled BESHEO PELLONK.
 11103 | Lair:2   | 11103 ||| DRINKING 2 fuming orange potions.
 11104 | Lair:2   | 11104 ||| DROPPING potion of invisibility.
 11126 | Lair:3   | 11126 ||| Stepping ~*~*~tactically~*~*~ (stealth).
 11127 | Lair:3   | 11127 ||| INVOKING Heroism.
 11473 | Lair:3   | 11473 ||| INVOKING Heroism.
 11571 | Lair:3   | Found a staircase to the Swamp.
 11610 | Lair:3   | 11610 ||| Stepping ~*~*~tactically~*~*~ (stealth).
 11629 | Lair:3   | 11629 ||| Stepping ~*~*~tactically~*~*~ (stealth).
 11655 | Lair:3   | 11655 ||| INVOKING Heroism.
 11656 | Lair:3   | 11656 ||| Stepping ~*~*~tactically~*~*~ (stealth).
 11765 | Lair:3   | Found a hole to the Spider Nest.
 11768 | Lair:3   | 11768 ||| Stepping ~*~*~tactically~*~*~ (stealth).
 11771 | Lair:3   | 11771 ||| INVOKING Heroism.
 11866 | Lair:3   | 11866 ||| Stepping ~*~*~tactically~*~*~ (stealth).
 11871 | Lair:3   | 11871 ||| Stepping ~*~*~tactically~*~*~ (stealth).
 11884 | Lair:3   | Reached skill level 9 in Invocations
 11962 | Lair:3   | 11962 ||| INVOKING Heroism.
 11980 | Lair:3   | Reached XP level 13. HP: 82/82 MP: 18/20
 12251 | Lair:3   | 12251 ||| DRINKING 2 clear potions.
 12344 | Lair:4   | 12344 ||| INVOKING Heroism.
 12381 | Lair:4   | 12381 ||| Stepping ~*~*~tactically~*~*~ (stealth).
 12382 | Lair:4   | 12382 ||| Stepping ~*~*~tactically~*~*~ (stealth).
 12383 | Lair:4   | 12383 ||| Stepping ~*~*~tactically~*~*~ (stealth).
 12386 | Lair:4   | 12386 ||| INVOKING Heroism.
 12388 | Lair:4   | 12388 ||| Stepping ~*~*~tactically~*~*~ (stealth).
 12442 | Lair:4   | 12442 ||| Stepping ~*~*~tactically~*~*~ (stealth).
 12444 | Lair:4   | 12444 ||| Stepping ~*~*~tactically~*~*~ (hiding).
 12450 | Lair:4   | 12450 ||| INVOKING Heroism.
 12459 | Lair:4   | Reached skill level 13 in Axes
 12772 | Lair:4   | 12772 ||| INVOKING Heroism.
 12773 | Lair:4   | 12773 ||| INVOKING Finesse.
 12776 | Lair:4   | Identified the +0 scale mail "Xiforin" {Stlth+} (Okawaru
                  | gifted it to you on level 4 of the Lair of Beasts)
 12776 | Lair:4   | Received a gift from Okawaru
 12780 | Lair:4   | 12780 ||| SWAPPING to +3 morningstar.
 12792 | Lair:4   | 12792 ||| SWAPPING to +0 broad axe of protection.
 12914 | Lair:4   | 12914 ||| READING scroll of enchant weapon.
 12914 | Lair:4   | 12914 ||| ENCHANTING +0 broad axe of protection.
 13105 | Lair:4   | 13105 ||| INVOKING Heroism.
 13106 | Lair:4   | 13106 ||| INVOKING Finesse.
 13108 | Lair:4   | 13108 ||| SWAPPING to +3 morningstar.
 13115 | Lair:4   | Reached skill level 3 in Throwing
 13115 | Lair:4   | 13115 ||| SWAPPING to +1 broad axe of protection.
 13451 | Lair:4   | 13451 ||| DROPPING +0 scale mail "Xiforin" {Stlth+}.
 13452 | Lair:4   | 13452 ||| READING scroll labelled YSSIROESEL.
 13453 | Lair:4   | 13453 ||| READING 2 scrolls of identify.
 13453 | Lair:4   | 13453 ||| IDENTIFYING emerald potion
 13467 | Lair:5   | Entered Level 5 of the Lair of Beasts
 13478 | Lair:5   | 13478 ||| INVOKING Heroism.
 13490 | Lair:5   | Reached skill level 14 in Axes
 13505 | Lair:5   | 13505 ||| FLEEEEING.
 13506 | Lair:5   | 13506 ||| STAIRDANCE
 13637 | Lair:5   | 13637 ||| INVOKING Heroism.
 13691 | Lair:5   | 13691 ||| INVOKING Heroism.
 14020 | Lair:5   | 14020 ||| Stepping ~*~*~tactically~*~*~ (stealth).
 14022 | Lair:5   | 14022 ||| Stepping ~*~*~tactically~*~*~ (hiding).
 14125 | Lair:5   | 14125 ||| INVOKING Heroism.
 14268 | Lair:5   | 14268 ||| Stepping ~*~*~tactically~*~*~ (stealth).
 14274 | Lair:5   | Gained mutation: Your large and strong wings let you fly.
                  | [Gargoyle growth]
 14274 | Lair:5   | Reached XP level 14. HP: 90/90 MP: 21/21
 14281 | Lair:5   | 14281 ||| INVOKING Heroism.
 14288 | Lair:5   | Reached skill level 12 in Shields
 14480 | Lair:5   | 14480 ||| Stepping ~*~*~tactically~*~*~ (stealth).
 14493 | Lair:5   | 14493 ||| INVOKING Heroism.
 14627 | Lair:5   | Found a staircase to the Slime Pits.
 14839 | Lair:5   | 14839 ||| INVOKING Heroism.
 14846 | Lair:5   | HP: 20/90 [wolf spider (14)]
 14847 | Lair:5   | 14847 ||| READING 3 scrolls of teleportation.
 14848 | Lair:5   | 14848 ||| DRINKING 4 potions of heal wounds.
 14859 | Lair:5   | 14859 ||| Stepping ~*~*~tactically~*~*~ (stealth).
 14860 | Lair:5   | 14860 ||| Stepping ~*~*~tactically~*~*~ (stealth).
 14941 | Lair:5   | 14941 ||| Stepping ~*~*~tactically~*~*~ (stealth).
 14942 | Lair:5   | 14942 ||| Stepping ~*~*~tactically~*~*~ (stealth).
 14943 | Lair:5   | 14943 ||| Stepping ~*~*~tactically~*~*~ (stealth).
 15061 | Lair:5   | 15061 ||| INVOKING Heroism.
 15428 | Lair:5   | 15428 ||| Stepping ~*~*~tactically~*~*~ (hiding).
 15444 | Lair:5   | 15444 ||| INVOKING Heroism.
 15490 | Lair:5   | 15490 ||| INVOKING Heroism.
 15492 | Lair:5   | 15492 ||| INVOKING Finesse.
 15514 | Lair:5   | 15514 ||| Stepping ~*~*~tactically~*~*~ (hiding).
 15531 | Lair:5   | Reached skill level 15 in Axes
 15677 | Lair:5   | 15677 ||| Stepping ~*~*~tactically~*~*~ (stealth).
 15687 | Lair:5   | 15687 ||| Stepping ~*~*~tactically~*~*~ (hiding).
 15688 | Lair:5   | 15688 ||| Stepping ~*~*~tactically~*~*~ (hiding).
 15856 | Lair:5   | 15856 ||| INVOKING Heroism.
 15857 | Lair:5   | 15857 ||| INVOKING Finesse.
 15860 | Lair:5   | HP: 22/90 [fire dragon] (2)]
 15861 | Lair:5   | 15861 ||| READING 2 scrolls of teleportation.
 15862 | Lair:5   | 15862 ||| DRINKING 3 potions of heal wounds.
 16071 | Lair:5   | 16071 ||| Stepping ~*~*~tactically~*~*~ (stealth).
 16074 | Lair:5   | 16074 ||| Stepping ~*~*~tactically~*~*~ (stealth).
 16087 | Lair:5   | 16087 ||| INVOKING Heroism.
 16090 | Lair:5   | 16090 ||| Stepping ~*~*~tactically~*~*~ (hiding).
 16234 | Lair:5   | Identified the +3 kite shield of Grace {rElec rF+ rCorr}
 16332 | Lair:5   | Reached skill level 3 in Dodging
 16486 | Lair:5   | 16486 ||| PLANNING D:1-11
 16486 | Lair:5   | 16486 ||| UPGRADING to +3 kite shield of Grace {rElec rF+
                  | rCorr}.
 16496 | Lair:5   | 16496 ||| DROPPING +0 kite shield.
 16497 | Lair:5   | 16497 ||| READING scroll labelled WOPHO SIOTZOPH.
 16498 | Lair:5   | 16498 ||| READING 3 scrolls labelled SUQOBOMEAL.
 16499 | Lair:5   | 16499 ||| READING scroll labelled XUF REUTUGRE.
 16500 | Lair:5   | 16500 ||| READING scroll labelled EMPYIJ KOIBOBB.
 16548 | Lair:5   | 16548 ||| READING 5 scrolls of identify.
 16548 | Lair:5   | 16548 ||| IDENTIFYING fizzy silvery potion
 16549 | Lair:5   | 16549 ||| DROPPING 2 scrolls of vulnerability.
 16550 | Lair:5   | 16550 ||| DROPPING potion of ambrosia.
 16653 | D:9      | 16653 ||| Stepping ~*~*~tactically~*~*~ (stealth).
 16659 | D:9      | 16659 ||| Stepping ~*~*~tactically~*~*~ (hiding).
 16691 | D:9      | Identified the +2 helmet of Freezing Contentment {*Corrode
                  | rF++ rN+++ Will-}
 16720 | D:9      | 16720 ||| INVOKING Heroism.
 16721 | D:9      | 16721 ||| SWAPPING to +3 morningstar.
 16722 | D:9      | 16722 ||| INVOKING Finesse.
 16731 | D:9      | 16731 ||| SWAPPING to +1 broad axe of protection.
 16810 | D:9      | 16810 ||| READING scroll of enchant armour.
 16810 | D:9      | 16810 ||| ENCHANTING +1 pair of gloves.
 17060 | D:9      | You are sucked into a shaft and drop 1 floor!
 17060 | D:10     | Entered Level 10 of the Dungeon
 17099 | D:10     | Noticed Maggie
 17101 | D:10     | 17101 ||| Stepping ~*~*~tactically~*~*~ (hiding).
 17109 | D:10     | Killed Maggie
 17110 | D:10     | 17110 ||| Stepping ~*~*~tactically~*~*~ (stealth).
 17116 | D:10     | Received a gift from Okawaru
 17173 | D:10     | Noticed Fannar
 17174 | D:10     | 17174 ||| Stepping ~*~*~tactically~*~*~ (hiding).
 17193 | D:10     | 17193 ||| INVOKING Heroism.
 17193 | D:10     | HP: 16/90 [Fannar/staff of cold (17)]
 17194 | D:10     | 17194 ||| READING 3 scrolls of teleportation.
 17195 | D:10     | 17195 ||| DRINKING 2 potions of heal wounds.
 17198 | D:10     | 17198 ||| FLEEEEING.
 17199 | D:10     | 17199 ||| FLEEEEING.
 17200 | D:10     | 17200 ||| FLEEEEING.
 17201 | D:10     | 17201 ||| FLEEEEING.
 17202 | D:10     | 17202 ||| STAIRDANCE
 17764 | D:9      | 17764 ||| UPGRADING to +2 helmet of Freezing Contentment
                  | {*Corrode rF++ rN+++ Will-}.
 17774 | D:9      | 17774 ||| REMOVING ring of positive energy.
 17775 | D:9      | 17775 ||| UPGRADING to ring of willpower.
 17776 | D:9      | 17776 ||| READING 4 scrolls of identify.
 17776 | D:9      | 17776 ||| IDENTIFYING blue potion
 17777 | D:9      | 17777 ||| DROPPING potion of degeneration.
 17792 | D:10     | 17792 ||| STAIRDANCE
 17871 | D:10     | Found Upimn's Book Emporium.
 17877 | D:10     | 17877 ||| Stepping ~*~*~tactically~*~*~ (hiding).
 17878 | D:10     | 17878 ||| Stepping ~*~*~tactically~*~*~ (hiding).
 17880 | D:10     | 17880 ||| Stepping ~*~*~tactically~*~*~ (hiding).
 17881 | D:10     | 17881 ||| Stepping ~*~*~tactically~*~*~ (hiding).
 17882 | D:10     | 17882 ||| Stepping ~*~*~tactically~*~*~ (hiding).
 17884 | D:10     | 17884 ||| Stepping ~*~*~tactically~*~*~ (hiding).
 17895 | D:10     | Noticed Grum
 17896 | D:10     | 17896 ||| INVOKING Heroism.
 17898 | D:10     | 17898 ||| Stepping ~*~*~tactically~*~*~ (hiding).
 17899 | D:10     | 17899 ||| Stepping ~*~*~tactically~*~*~ (hiding).
 17900 | D:10     | 17900 ||| Stepping ~*~*~tactically~*~*~ (hiding).
 17907 | D:10     | Killed Grum
 18040 | D:10     | 18040 ||| Stepping ~*~*~tactically~*~*~ (stealth).
 18054 | D:10     | 18054 ||| INVOKING Heroism.
 18060 | D:10     | Killed Fannar
 18061 | D:10     | Reached skill level 6 in Throwing
 18523 | D:10     | 18523 ||| DROPPING ring of wizardry.
 18646 | D:11     | Noticed Snorg
 18647 | D:11     | 18647 ||| INVOKING Heroism.
 18661 | D:11     | Killed Snorg
 18709 | D:11     | 18709 ||| Stepping ~*~*~tactically~*~*~ (stealth).
 18711 | D:11     | 18711 ||| Stepping ~*~*~tactically~*~*~ (stealth).
 18721 | D:11     | Reached skill level 9 in Armour
 18733 | D:11     | 18733 ||| INVOKING Heroism.
 18735 | D:11     | Reached skill level 12 in Fighting
 18830 | D:11     | Noticed a fire giant
 18830 | D:11     | 18830 ||| Stepping ~*~*~tactically~*~*~ (hiding).
 18832 | D:11     | 18832 ||| Stepping ~*~*~tactically~*~*~ (stealth).
 18848 | D:11     | 18848 ||| INVOKING Heroism.
 18849 | D:11     | Killed a fire giant
 18858 | D:11     | Noticed a fire giant
 18870 | D:11     | HP: 5/92 [fire giant/+1 great sword of flaming (24)]
 18871 | D:11     | 18871 ||| READING 3 scrolls of teleportation.
 18872 | D:11     | 18872 ||| DRINKING potion of heal wounds.
 18887 | D:11     | 18887 ||| Stepping ~*~*~tactically~*~*~ (stealth).
 18895 | D:11     | Reached XP level 15. HP: 37/96 MP: 22/22
 18924 | D:11     | 18924 ||| Stepping ~*~*~tactically~*~*~ (stealth).
 18930 | D:11     | 18930 ||| INVOKING Heroism.
 18968 | D:11     | Killed a fire giant
 18968 | D:11     | Received a gift from Okawaru
 19157 | D:11     | 19157 ||| Stepping ~*~*~tactically~*~*~ (hiding).
 19171 | D:11     | 19171 ||| INVOKING Heroism.
 19201 | D:11     | 19201 ||| Stepping ~*~*~tactically~*~*~ (stealth).
 19332 | D:11     | 19332 ||| Stepping ~*~*~tactically~*~*~ (stealth).
 19343 | D:11     | Found Nin Vuhu's Weapon Shop.
 19356 | D:11     | 19356 ||| Stepping ~*~*~tactically~*~*~ (stealth).
 19357 | D:11     | 19357 ||| Stepping ~*~*~tactically~*~*~ (stealth).
 19360 | D:11     | 19360 ||| Stepping ~*~*~tactically~*~*~ (hiding).
 19403 | D:11     | 19403 ||| Stepping ~*~*~tactically~*~*~ (hiding).
 19404 | D:11     | 19404 ||| Stepping ~*~*~tactically~*~*~ (hiding).
 19407 | D:11     | 19407 ||| Stepping ~*~*~tactically~*~*~ (hiding).
 19431 | D:11     | Found an opulent altar of Gozag.
 19698 | D:11     | Received a gift from Okawaru
 19827 | D:11     | 19827 ||| PLANNING D
 19827 | D:11     | 19827 ||| READING scroll labelled FULAHIRERPH.
 19828 | D:11     | 19828 ||| READING 4 scrolls of identify.
 19828 | D:11     | 19828 ||| IDENTIFYING fuming red potion
 19829 | D:11     | 19829 ||| DROPPING potion of flight.
 19988 | D:12     | Found a staircase to the Orcish Mines.
 20037 | D:12     | 20037 ||| Stepping ~*~*~tactically~*~*~ (stealth).
 20076 | D:12     | 20076 ||| INVOKING Heroism.
 20083 | D:12     | Reached skill level 16 in Axes
 20397 | D:12     | 20397 ||| Stepping ~*~*~tactically~*~*~ (hiding).
 20398 | D:12     | 20398 ||| Stepping ~*~*~tactically~*~*~ (hiding).
 20649 | D:12     | 20649 ||| Stepping ~*~*~tactically~*~*~ (hiding).
 20830 | D:12     | 20830 ||| INVOKING Heroism.
 21026 | D:12     | 21026 ||| UPGRADING to +0 plate armour.
 21036 | D:12     | 21036 ||| DROPPING +3 chain mail.
 21037 | D:12     | 21037 ||| READING 2 scrolls of enchant armour.
 21037 | D:12     | 21037 ||| ENCHANTING +0 plate armour.
 21038 | D:12     | 21038 ||| READING scroll of enchant armour.
 21038 | D:12     | 21038 ||| ENCHANTING +1 plate armour.
 21039 | D:12     | 21039 ||| UPGRADING to +6 ring of strength.
 21041 | D:12     | 21041 ||| DROPPING ring of willpower.
 21210 | D:13     | Found Qibb's Distillery.
 21222 | D:13     | 21222 ||| BUYING 2 potions of resistance (360 gold).
 21222 | D:13     | Bought 2 potions of resistance for 360 gold pieces
 21222 | D:13     | 21222 ||| BUYING potion of attraction (54 gold).
 21222 | D:13     | Bought a potion of attraction for 54 gold pieces
 21222 | D:13     | 21222 ||| BUYING potion of attraction (54 gold).
 21222 | D:13     | Bought a potion of attraction for 54 gold pieces
 21222 | D:13     | 21222 ||| BUYING potion of curing (54 gold).
 21222 | D:13     | Bought a potion of curing for 54 gold pieces
 21222 | D:13     | 21222 ||| BUYING potion of haste (180 gold).
 21222 | D:13     | Bought a potion of haste for 180 gold pieces
 21222 | D:13     | 21222 ||| BUYING potion of haste (180 gold).
 21222 | D:13     | Bought a potion of haste for 180 gold pieces
 21222 | D:13     | 21222 ||| BUYING potion of might (72 gold).
 21222 | D:13     | Bought a potion of might for 72 gold pieces
 21269 | D:13     | Identified the +8 flail of Wu Jian, Leaping {freeze, rC+}
 21747 | D:13     | 21747 ||| UPGRADING to +5 ring of evasion.
 21749 | D:13     | 21749 ||| DROPPING ring of positive energy.
 21787 | D:14     | Received a gift from Okawaru
 21828 | D:14     | 21828 ||| READING scroll of enchant armour.
 21828 | D:14     | 21828 ||| ENCHANTING +2 plate armour.
 21888 | D:14     | 21888 ||| Stepping ~*~*~tactically~*~*~ (hiding).
 22069 | D:14     | Received a gift from Okawaru
 22103 | D:14     | Identified the +1 flail of Comp {freeze, rN++}
 22129 | D:14     | 22129 ||| Stepping ~*~*~tactically~*~*~ (hiding).
 22131 | D:14     | 22131 ||| Stepping ~*~*~tactically~*~*~ (hiding).
 22133 | D:14     | 22133 ||| Stepping ~*~*~tactically~*~*~ (hiding).
 22135 | D:14     | 22135 ||| Stepping ~*~*~tactically~*~*~ (hiding).
 22136 | D:14     | 22136 ||| Stepping ~*~*~tactically~*~*~ (hiding).
 22137 | D:14     | 22137 ||| Stepping ~*~*~tactically~*~*~ (hiding).
 22149 | D:14     | Found a gate to the Vaults.
 22158 | D:14     | 22158 ||| INVOKING Heroism.
 22264 | D:14     | Identified the +3 war axe of the Postmodern Queens {drain,
                  | Dex+2}
 22310 | D:14     | 22310 ||| DROPPING +3 morningstar.
 22311 | D:14     | 22311 ||| DROPPING +8 flail of Wu Jian, Leaping {freeze,
                  | rC+}.
 22865 | D:15     | Entered Level 15 of the Dungeon
 22866 | D:15     | 22866 ||| PLANNING GAUNTLET
 22877 | D:15     | 22877 ||| Stepping ~*~*~tactically~*~*~ (stealth).
 22878 | D:15     | 22878 ||| Stepping ~*~*~tactically~*~*~ (stealth).
 22879 | D:15     | 22879 ||| Stepping ~*~*~tactically~*~*~ (stealth).
 22905 | D:15     | 22905 ||| INVOKING Heroism.
 22928 | D:15     | 22928 ||| READING 8 scrolls of teleportation.
 22929 | D:15     | HP: 16/96 [large slime creature (17)]
 22931 | D:15     | Slain by a large slime creature

Levels and vault maps discovered:
D:1:      lightli_arrival_statue_moat, layout_loops_ring, serial_shops,
          nicolae_shop_trees, shop, nicolae_shop_just_a_little_nook, shop, shop,
          chequers_decorated_corner, minmay_hexomino_u4
D:2:      layout_basic, shapermc_ecumenical_altar_venn, hangedman_decor_riveting
D:3:      layout_loops_ring, nicolae_ru_awakened_eye, fedhas_ov_isle_minmay,
          nicolae_overflow_hidden_temple, gammafunk_ghost_nasty_kobolds
D:4:      layout_basic, serial_shops, shop, gammafunk_ghost_smash
D:5:      nicolae_cairo_tiling_very_big, layout_rooms, lemuel_blue_sif_altar,
          minmay_temple_entry_tees, ebering_ghost_sewer_d, chequers_big_river,
          kennysheep_opposing_triangles
D:6:      layout_basic, lemuel_round_altar, ebering_ghost_disaster_area,
          serial_glass, glass_columns_b, glass_columns_b, grunt_decor_cap,
          uniq_eustachio, uniq_menkaure, uniq_edmund, uniq_grinder
D:7:      layout_basic, evilmike_ruin_ashenzari, serial_shops,
          nicolae_shop_stone
D:8:      layout_rooms, tgw_xom, bloody_makhleb, david_lair_generic, uniq_psyche
D:9:      layout_basic, lightli_fourway_metalbox
D:10:     layout_cave_pools, special_room [special_room_bee], serial_shops,
          nicolae_shop_trees, enter_bailey_2, uniq_fannar, uniq_grum,
          uniq_maggie
D:11:     nzn_winding_woodlands_small
          [nzn_winding_woodlands_5x15_river_crossing,
          nzn_winding_woodlands_center_pierced_h,
          nzn_winding_woodlands_5x15_twine], layout_gridville, serial_shops,
          nicolae_shop_bloodbath_and_beyond, grunt_gozag_statues, uniq_snorg
D:12:     layout_cave_pods, minmay_orc_entry_temple_small, st_stairs_3
D:13:     layout_basic, serial_shops, nicolae_shop_industrial_runoff,
          interstate_on_off, serial_bayou_pond_e
D:14:     layout_small_grid, david_vaults_2, hangedman_decor_lopped,
          wad_floor_pattern_untrapped
D:15:     grunt_enter_depths_giant_problem, layout_loops_ring,
          gauntlet_entry_generic, nicolae_transporter_circle, uniq_nessos
Temple:   hellmonk_temple_forest_ring
Lair:1:   layout_loops_ring
Lair:2:   beast_lair_carwin_large_3, layout_big_grid,
          chequers_serial_rivers_small_a, grunt_megastairs_4, uniq_gastronok
Lair:3:   layout_regular_city, swamp_mist_pool,
          nicolae_spider_entry_non_spiders, forest_entry_grove,
          grunt_megastairs_3
Lair:4:   layout_roguey, minivault_24, infiniplex_staircase_pool,
          grunt_megastairs_2
Lair:5:   hangedman_lair_tendril_chambers, layout_cave_shapes,
          guppyfry_lair_end_dragon, slime_entry_1, special_room
          [special_room_mythical_zoo], infiniplex_staircase_pool_2

Skill      XL: |  1  2  3  4  5  6  7  8  9 10 11 12 13 14 15 |
---------------+----------------------------------------------+-----
Axes           | 2 3 4 5 6 7 8 9 10 11 12 14 15 16 | 16.0
Fighting       | 4 5 6 7 8 9 10 11 12 | 12.0
Dodging        | 1 2 3 |  3.0
Throwing       | 1 4 6 |  6.0
Invocations    | 3 4 9 10 | 10.0
Armour         | 4 5 6 7 9 11 | 11.0
Shields        | 8 9 10 11 12 13 | 13.0

Action                     |  1- 3 |  4- 6 |  7- 9 | 10-12 | 13-15 || total
---------------------------+-------+-------+-------+-------+-------++-------
  Melee: War axe           |    74 |   159 |   200 |   150 |       ||   583
         Broad axe         |       |       |       |   295 |  1319 ||  1614
         Morningstar       |       |       |       |    13 |    25 ||    38
  Throw: Boomerang         |     6 |    66 |    56 |    72 |   149 ||   349
         Javelin           |       |       |       |       |    52 ||    52
 Invoke: Heroism           |       |       |    11 |    29 |    30 ||    70
         Finesse           |       |       |       |       |     5 ||     5
    Use: Scroll            |     1 |     6 |     3 |     4 |    20 ||    34
         Potion            |       |     2 |     1 |     1 |     5 ||     9
   Stab: Petrifying        |       |       |       |       |     3 ||     3
         Petrified         |       |       |       |       |     1 ||     1
 Armour: Scale mail        |    31 |       |       |       |       ||    31
         Chain mail        |     4 |    90 |    83 |   201 |   588 ||   966
         Plate armour      |       |       |       |       |   101 ||   101
  Dodge: Dodged            |    31 |    55 |    63 |   135 |   461 ||   745
  Block: Buckler           |    12 |    26 |    30 |       |       ||    68
         Kite shield       |       |       |    22 |   248 |   896 ||  1166

Table legend:
 A = Non-vault XP
 B = Vault XP
 C = Vault XP percentage of total XP
 D = Non-vault monster count
 E = Vault monster count
 F = Vault count percentage of total count
                 A         B        C        D         E       F
            +---------+---------+-------+---------+---------+-------
      Total |   74130 |   41945 |  36.1 |     397 |     194 |  32.8
            +---------+---------+-------+---------+---------+-------
        D:1 |      50 |       3 |   5.7 |      23 |       2 |   8.0
        D:2 |      99 |       0 |   0.0 |      19 |       0 |   0.0
        D:3 |      75 |       0 |   0.0 |      20 |       0 |   0.0
        D:4 |     235 |       0 |   0.0 |      22 |       0 |   0.0
        D:5 |     415 |     245 |  37.1 |       8 |       4 |  33.3
        D:6 |     523 |     822 |  61.1 |      15 |       4 |  21.1
        D:7 |    1206 |       0 |   0.0 |      20 |       0 |   0.0
        D:8 |    1879 |    1656 |  46.8 |      29 |       5 |  14.7
        D:9 |    2377 |    1443 |  37.8 |      24 |       4 |  14.3
       D:10 |    1802 |    3443 |  65.6 |       9 |      29 |  76.3
       D:11 |    4708 |    7188 |  60.4 |      23 |      18 |  43.9
       D:12 |    6509 |     913 |  12.3 |      27 |      11 |  28.9
       D:13 |    3363 |       0 |   0.0 |      11 |       0 |   0.0
       D:14 |    8926 |    1553 |  14.8 |      20 |       3 |  13.0
       D:15 |    2369 |       0 |   0.0 |       6 |       0 |   0.0
     Lair:1 |    4252 |       0 |   0.0 |      14 |       0 |   0.0
     Lair:2 |    9130 |    4487 |  33.0 |      30 |      20 |  40.0
     Lair:3 |    5263 |    2767 |  34.5 |      21 |      18 |  46.2
     Lair:4 |   10016 |     135 |   1.3 |      24 |       4 |  14.3
     Lair:5 |   10933 |   17290 |  61.3 |      32 |      72 |  69.2
            +---------+---------+-------+---------+---------+-------
